Unix NetHack Version 3.7.0-101 Work-in-progress - last build Mar 4 2024 02:26:32 (3c4ac04b664b9ee0831c739617f054b5b60dbfd1,branch:master). Game began 2024-03-04 07:58:21, ended 2024-03-04 08:04:46. elenmirie, neutral female gnomish Archeologist ---- -- --..| .| |...---------..--- --- |................-- ----.| --..........<......| |....| -..................- ....--- ..--.|...............| .....| -- |.|-.............-- -...G---- . ----. ----.--.............- #.......|.-- -................|...........*- --.........(-- -----------.------...........||............| -->|--- --.........--|.....@.....-- ----..|..-- |..--..------0....h....-- |....--...| ---- --- --..--.......| |.........-- --..--|......-- --------...| ---..-- ---....| --..---------....| -....- --...........|..| ..... --------...---.| ...... ----- --- -.--.--- --- -- Elenmirie the Field Worker St:13 Dx:10 Co:13 In:19 Wi:13 Ch:8 Neutral Dlvl:4 $:62 HP:0(27) Pw:14(14) AC:9 Xp:3/50 T:1163 Latest messages: The bat bites! The bat bites! You kill the bat! Coco misses the iguana. You lash the iguana. Coco bites the iguana. The iguana is killed! There is a partly eaten lichen corpse here; eat it? [ynq] (n) y You consume the last bite of your meal. You finish eating the lichen corpse. Coco eats an iguana corpse. z - an expensive camera. You see here 5 daggers. A - 5 daggers. You stop. Coco is in the way! You see here a food ration. You learn more about your items by comparing them. d - an uncursed food ration (7 in total). You swap places with the peaceful bat. You hear some noises in the distance. The grid bug bites! You get zapped! You kill the grid bug! With great effort you move the boulder. You hear crashing rock. You hear some noises in the distance. You see here a fortune cookie. B - a fortune cookie. The hobbit hurls a ruby potion! The jar crashes on your head and breaks into shards. The ruby potion evaporates. It suddenly gets dark. You can see again. The hobbit wields a runed dagger! You lash the hobbit. The hobbit thrusts her runed dagger. The hobbit hits! You lash the hobbit. The hobbit thrusts her runed dagger. The hobbit hits! You lash the hobbit. You miss the hobbit. The hobbit thrusts her runed dagger. The hobbit hits! You die... Do you want your possessions identified? [ynq] (y) y Do you want to see your attributes? [ynq] (y) y Do you want an account of creatures vanquished? [ynaq] (y) y Do you want to see your conduct and achievements? [ynq] (y) y Do you want to see the dungeon overview? [ynq] (y) y Inventory: Coins $ - 62 gold pieces Weapons n - 19 uncursed +0 darts A - 5 uncursed +0 daggers a - an uncursed burnt +2 bullwhip (weapon in right hand) Armor c - an uncursed +0 fedora (being worn) b - an uncursed +0 leather jacket (being worn) Comestibles l - an uncursed apple d - 7 uncursed food rations B - an uncursed fortune cookie Tools w - an uncursed sack containing 7 items z - an uncursed expensive camera (0:93) i - an uncursed oil lamp e - an uncursed +0 pick-axe (alternate weapon; not wielded) o - an uncursed tin whistle t - an uncursed tinning kit (0:69) Gems/Stones g - an uncursed touchstone Contents of the sack: an uncursed scroll of blank paper an uncursed scroll of identify an uncursed spellbook of detect treasure an uncursed potion of confusion a blessed potion of extra healing a cursed potion of monster detection a cursed potion of see invisible Elenmirie the Archeologist's attributes: Background: You were a Field Worker, a level 3 female gnomish Archeologist. You were neutral, nominally on a mission for Camaxtli who was opposed by Quetzalcoatl (lawful) and Huhetotl (chaotic). You were right-handed. You were in the Gnomish Mines, on level 4. You entered the dungeon 1163 turns ago. You had 50 experience points, 30 more were needed to attain level 4. Basics: You had 0 out of 27 hit points. You had all 14 energy points (spell power). Your armor class was 9. Your wallet contained 62 zorkmids. Autopickup was on for '$' plus thrown. Final Characteristics: Your strength was 13 (limit:18/50). Your dexterity was 10 (limit:18). Your constitution was 13 (limit:18). Your intelligence was 19 (limit:19). Your wisdom was 13 (limit:18). Your charisma was 8 (limit:18). Final Status: You weren't hungry. You were unencumbered. You were wielding a whip. You had basic skill with whip. Final Attributes: You were fervently aligned. You had automatic searching. You had infravision. You are dead. Miscellaneous: You never encountered a bones level. Total elapsed playing time was 6 minutes and 23 seconds. Major events: Turn 1: elenmirie the neutral female gnomish Archeologist entered the dungeon 1089: entered the Gnomish Mines 1092: attained the rank of Field Worker (level 3) 1163: killed by a hobbit Vanquished creatures: an iguana a giant rat a green mold a red mold a gnome 9 jackals 2 foxes a kobold a goblin 4 grid bugs a bat 3 lichens 2 kobold zombies 2 newts 30 creatures vanquished. No species were genocided or became extinct. Voluntary challenges: You followed a strict vegan diet. You were an atheist. You read items or engraved 2 times. You never engraved Elbereth. You never genocided any monsters. You never polymorphed an object. You never changed form. You used no wishes. Achievements: You entered the Gnomish Mines. You attained the rank of Field Worker. The Dungeons of Doom: levels 1 to 4 Level 1: "water vault" Level 2: Some fountains. Level 3: Stairs down to The Gnomish Mines. Level 4: The Gnomish Mines: Level 4: <- You were here. Final resting place for you, killed by a hobbit. Game over: ---------- / \ / REST \ / IN \ / PEACE \ / \ | elenmirie | | 62 Au | | killed by a | | hobbit | | | | | | 2024 | *| * * * | * _________)/\\_//(\/(/\)/\//\/|_)_______ Goodbye elenmirie the Archeologist... You died in The Gnomish Mines on dungeon level 4 with 406 points, and 62 pieces of gold, after 1163 moves. You were level 3 with a maximum of 27 hit points when you died.